 Dungeon Crawl Stone Soup version 0.18-a0-917-g8a3da5b (webtiles) character file.

1665 4thArraOfDagon the Covert (level 8, -1/37 HPs)
             Began as a Felid Fighter on Dec 26, 2015.
             Was a Believer of Makhleb.
             Slain by Harold
             ... wielding a cursed -1 trident
              (14 damage)
             ... on level 11 of the Dungeon.
             The game lasted 00:22:08 (3458 turns).

4thArraOfDagon the Covert (Felid Fighter)           Turns: 3458, Time: 00:22:08

Health: -1/37      AC:  2    Str: 12    XL:     8   Next: 69%
Magic:  10/13      EV: 22    Int: 11    God:    Makhleb [**....]
Gold:   331        SH:  0    Dex: 16    Spells: 0 memorised, 7 levels left
                                        Lives:  0   Deaths: 2

rFire  . . .     SeeInvis +       - Unarmed
rCold  . . .     Gourm    .     (armour unavailable)
rNeg   . . .     Faith    .     (shield unavailable)
rPois  .         Spirit   .     (helmet unavailable)
rElec  .         Dismiss  .     (cloak unavailable)
rCorr  .         Reflect  .     (gloves unavailable)
SustAt .         Harm     .     (boots unavailable)
MR     +....     Rnd*Tele +     h - amulet of rage
Stlth  ++++++....               (no ring)
                                e - ring of teleportation (curse)

@: about to teleport, quick, somewhat resistant to hostile enchantments, very
stealthy
A: no armour, no weapons or thrown items, claws 1, fangs 3, see invisible,
carnivore 3, speed 1, shaggy fur 2, slow metabolism 1, sharp paws
a: Minor Destruction, Renounce Religion, Evoke Berserk Rage, Evoke Teleportation


You were on level 11 of the Dungeon.
You worshipped Makhleb.
Makhleb was pleased with you.
You were very full.

You visited 2 branches of the dungeon, and saw 13 of its levels.

You collected 331 gold pieces.

Inventory:

Jewellery
 e - a cursed ring of teleportation (left paw)
 h - an amulet of rage (around neck)
Wands
 d - a wand of frost (25/48)
 i - a wand of digging (9/24)
 k - a wand of cold (6/15)
 m - a wand of disintegration (11/24)
 s - a wand of flame (26/48)
 u - a wand of paralysis (7/24)
 w - a wand of random effects (34/48)
 z - a wand of lightning (9/15)
 B - a wand of draining (9/15)
Scrolls
 c - 2 scrolls of immolation
 x - 2 scrolls of noise
 y - a scroll of magic mapping {unknown}
 A - a scroll of enchant armour {unknown}
Potions
 a - 4 potions of might
 f - a potion of lignification {unknown}
 j - a potion of ambrosia {unknown}
 n - a potion of brilliance {unknown}
 o - 2 potions of curing {unknown}
 p - 2 potions of flight {unknown}
 q - a potion of magic {unknown}
 r - 2 potions of cure mutation {unknown}
 v - a potion of berserk rage {unknown}
 C - a potion of heal wounds
 D - a potion of degeneration {unknown}
Comestibles
 b - 7 meat rations
 g - a slice of pizza
 l - a beef jerky
 t - a royal jelly


   Skills:
 + Level 5.3 Fighting
 + Level 7.2 Dodging
 * Level 11.3 Stealth
 * Level 7.3 Unarmed Combat
 + Level 6.0 Evocations


You had 7 spell levels left.
You didn't know any spells.

Dungeon Overview and Level Annotations

Branches:
Dungeon (12/15)            Temple (1/1) D:4
   Lair: D:8-11         Orc: D:9-12

Altars:
Ashenzari
Cheibriados
Dithmenos
Elyvilon
Fedhas
Gozag
Kikubaaqudgha
Makhleb
Nemelex Xobeh
Okawaru
Pakellas
Qazlal
Ru
Sif Muna
Trog
Vehumet
Xom
Yredelemnul
Zin
The Shining One

Shops:
D:6 (

Annotations:
D:7 Joseph
D:8 LAIR
D:11 Harold


Innate Abilities, Weirdness & Mutations

You cannot wear armour.
You are incapable of wielding weapons or throwing items.
You have sharp claws.
You have razor-sharp teeth.
You have supernaturally acute eyesight.
You are carnivorous and can eat meat at any time.
You cover ground quickly.
You are covered in thick fur (AC +2).
You have a slow metabolism.
Your sharp claws are effective at attacking unaware monsters.


Message History

The worker ant closely misses you.
You scratch the worker ant.
You kill the worker ant!
Makhleb accepts your kill.
You are suddenly yanked towards some nearby monsters!
Your surroundings suddenly seem different.
Harold and a skeleton come into view.
Unknown command.
Unknown command.
Unknown command.
Harold shouts!
You hear an angry buzzing noise.
You hear an angry buzzing noise.
Harold casts a spell at you. The bolt of fire hits you!
Ouch!
That really hurt! 3 killer bees come into view.
Unknown command.
You feel strangely unstable.
You feel somewhat less full.
The killer bee moves out of view.
Harold hits you with a trident!
You die...

####### .......
. ....... .
.......########
.
...............
. ..........Z.#
. ............#
..#
.......@....#
..#
........@...#
..#
........#####
..# .........
..# .........
..####.
.....##y.y
....... .....
.... .......
..... ..y..
.......


You could see Harold, 3 killer bees and a giant frog skeleton.

Vanquished Creatures
  Pikel (D:6)
  A deep elf mage (D:12)
  A steam dragon (D:8)
  Edmund (D:5)
  A water moccasin (D:6)
  3 black bears
  3 ogres
  2 centaurs
  2 giant frogs
  A killer bee (D:10)
  A scorpion (D:11)
  4 wights (D:11)
  A giant frog zombie (D:5)
  A hound (D:10)
  2 jellies
  6 orc wizards
  A giant frog skeleton (D:5)
  4 worker ants
  Jessica (D:2)
  3 orc priests
  A hound zombie (D:8)
  A worker ant zombie (D:6)
  A river rat (D:5)
  A shadow imp (D:5)
  6 adders
  An ooze (D:3)
  A worm (D:2)
  2 giant geckos
  22 orcs
  2 ball pythons (D:2)
  4 bats
  2 goblins
  A hobgoblin (D:3)
  A kobold (D:1)
  3 giant cockroaches
  2 giant newts
  3 jackals (D:6)
  A jackal zombie (D:8)
  A quokka (D:7)
  A quokka skeleton (D:5)
  5 rats
102 creatures vanquished.

Vanquished Creatures (others)
  An orc wizard (D:6)
  3 orcs (D:6)
4 creatures vanquished.

Grand Total: 106 creatures vanquished

Notes
Turn   | Place    | Note
--------------------------------------------------------------
     0 | D:1      | 4thArraOfDagon the Felid Fighter began the quest for the Orb.
     0 | D:1      | Reached XP level 1. HP: 10/10 MP: 2/2
   102 | D:1      | Reached skill level 1 in Stealth
   138 | D:1      | Turgon: I had a look at wiki
   192 | D:2      | Turgon: jorgrun's shatter does 3d29 dam
   213 | D:3      | Turgon: And double damage if you are in statue form
   214 | D:3      | Reached XP level 2. HP: 4/14 MP: 3/3
   266 | D:4      | Turgon: So max dam would have been 174
   308 | D:3      | Turgon: (modified by your AC)
   411 | D:3      | Found a faded altar to an unknown god.
   430 | D:3      | Found a sacrificial altar of Ru.
   441 | D:3      | Reached XP level 3. HP: 10/17 MP: 4/4
   485 | D:2      | Found an iron altar of Okawaru.
   485 | D:2      | Noticed Jessica
   489 | D:2      | Killed Jessica
   489 | D:2      | Reached skill level 1 in Evocations
   573 | D:4      | 4thArraOfDagon: thats alot
   574 | D:5      | Entered Level 5 of the Dungeon
   672 | D:5      | Noticed a black bear
   673 | D:5      | Found an opulent altar of Gozag.
   678 | D:5      | Found a bloodstained altar of Trog.
   691 | D:5      | Noticed Edmund
   698 | D:5      | Reached skill level 5 in Stealth
   698 | D:5      | Reached XP level 4. HP: 19/21 MP: 4/6
   702 | D:5      | Turgon: With a bad roll (1dAC) this could be 174-1 = 173 max damage
   704 | D:5      | Killed Edmund
   704 | D:5      | Reached skill level 6 in Stealth
   704 | D:5      | Reached XP level 5. HP: 12/24 MP: 4/7
   709 | D:5      | Killed a black bear
   709 | D:5      | Reached skill level 7 in Stealth
   709 | D:5      | Gained mutation: You are covered in thick fur (AC +2). [Felid growth]
   709 | D:5      | Reached XP level 6. HP: 4/28 MP: 4/9
   833 | D:5      | Found a glowing drain.
   857 | D:5      | Turgon: ... and lucky telep this time
   902 | D:5      | Found a sparkling altar of Nemelex Xobeh.
   929 | D:6      | Noticed Pikel
  1072 | D:6      | filipzpl: Hello
  1083 | D:6      | Turgon: hi
  1103 | D:6      | Noticed a water moccasin
  1116 | D:6      | Killed a water moccasin
  1145 | D:6      | filipzpl: Who 4thArraOfDagon play?
  1170 | D:6      | filipzpl: Felid but which class?
  1170 | D:6      | Found Qaliumm's Antique Weapon Boutique.
  1197 | D:6      | Turgon: FeFi
  1197 | D:6      | 4thArraOfDagon: fefi
  1265 | D:7      | Noticed Joseph
  1369 | D:7      | Reached skill level 8 in Stealth
  1369 | D:7      | Reached XP level 7. HP: 31/31 MP: 10/10
  1421 | D:7      | filipzpl: Thanks
  1523 | D:6      | 4thArraOfDagon: wasted:
  1523 | D:6      | 4thArraOfDagon: bailey,tomb, sewers
  1523 | D:6      | 4thArraOfDagon: just because i dont have god
  1697 | D:5      | Kolbur: why do you need a god for portals?
  1702 | D:5      | Turgon: Randomization of altars/temple in early game encourages start scumming
  1758 | D:4      | 4thArraOfDagon: why do i need god?
  1760 | D:4      | Found a staircase to the Ecumenical Temple.
  1768 | Temple   | Entered the Ecumenical Temple
  1794 | Temple   | Became a worshipper of Makhleb the Destroyer
  1807 | Temple   | Kolbur: for portals
  1807 | Temple   | 4thArraOfDagon: i dont
  1807 | Temple   | 4thArraOfDagon: but
  1807 | Temple   | 4thArraOfDagon: i wasted already 2k turns
  1807 | Temple   | 4thArraOfDagon: just for finding altar
  1807 | Temple   | 4thArraOfDagon: now imagine
  1807 | Temple   | 4thArraOfDagon: how it would be if i would include those portals
  1807 | Temple   | 4thArraOfDagon: 5k?
  1807 | Temple   | 4thArraOfDagon: without god?
  1807 | Temple   | 4thArraOfDagon: thats ctrl+q right away
  1827 | D:4      | Kolbur: oh so you skipped them to save turns
  1878 | D:4      | 4thArraOfDagon: i would not with early god
  1891 | D:4      | Kolbur: but you have early tele ring so -5k turns ^^
  1891 | D:4      | 4thArraOfDagon: because you either waste turns for portals or finding god
  1918 | D:4      | 4thArraOfDagon: orly?
  2246 | D:5      | 4thArraOfDagon: no portals mean no early pots
  2246 | D:5      | 4thArraOfDagon: which means ctrl q anyway
  2246 | D:5      | 4thArraOfDagon: so this is already bad
  2349 | D:5      | Reached skill level 5 in Dodging
  2471 | D:6      | Paralysed by Pikel for 3 turns
  2476 | D:6      | Killed Pikel
  2476 | D:6      | Reached * piety under Makhleb
  2476 | D:6      | Reached skill level 9 in Stealth
  2476 | D:6      | Reached skill level 5 in Unarmed Combat
  2476 | D:6      | Reached XP level 8. HP: 31/36 MP: 10/12
  2673 | D:8      | Found a glowing golden altar of the Shining One.
  2686 | D:8      | Found a blossoming altar of Fedhas.
  2694 | D:7      | HP: 1/36 [orc priest/divine providence (12)]
  2694 | D:7      | Slain by an orc wizard
  2695 | D:7      | Reached XP level 7. HP: -1/32 MP: 11/11
  2720 | D:7      | Reached skill level 5 in Evocations
  2776 | D:8      | Found a stormy altar of Qazlal.
  2828 | D:9      | Reached skill level 10 in Stealth
  2868 | D:9      | Reached XP level 8. HP: 34/36 MP: 7/12
  3006 | D:9      | Noticed a slime creature
  3007 | D:9      | Noticed a slime creature
  3032 | D:10     | Entered Level 10 of the Dungeon
  3047 | D:10     | Reached ** piety under Makhleb
  3051 | D:10     | Noticed a tengu warrior
  3051 | D:10     | Noticed a tengu warrior
  3103 | D:10     | Slain by a tengu warrior
  3104 | D:10     | Reached XP level 7. HP: -2/49 MP: 12/12
  3266 | D:11     | Reached XP level 8. HP: 36/36 MP: 13/13
  3325 | D:12     | Noticed a deep elf mage
  3334 | D:12     | Killed a deep elf mage
  3334 | D:12     | Reached skill level 5 in Fighting
  3334 | D:12     | Reached skill level 11 in Stealth
  3435 | D:11     | Noticed a two-headed ogre
  3438 | D:11     | Noticed a troll
  3456 | D:11     | Noticed Harold
  3458 | D:11     | Slain by Harold

Vault maps used:
D:1:      mrwooster_arrival_statue_3, minmay_misc_feat_plants
D:2:      okawaru_ov_weapons_minmay, uniq_jessica
D:3:      lemuel_coloured_pillars_altar, serial_curves, eino_curves_01,
          eino_curves_04, ecumenical_altar_2, nrook_loot_triangle, nemelex_deck
D:4:      minmay_temple_entry_butterflies, first_bread
D:5:      overflow_temple_1_default, grunt_temple_overflow_open,
          portal_sewer_entry_c, nicolae_ossuary_entry_ruins, uniq_edmund
D:6:      serial_shops, nicolae_shop_competitors_out_of_business,
          minmay_fountain_box, uniq_pikel
D:7:      lightli_bailey_entry_fortress, uniq_joseph
D:8:      grunt_temple_overflow_forces_of_nature, tso_altar,
          grunt_lair_entry_orc_guard_hut, uniq_grum
D:9:      serial_shops, kennysheep_mini_moat, hex_medium
D:10:     minmay_separated_statues, hiddenorc1_lemuel, david_nohive_1
D:11:     minmay_holes, glass_columns_a, lemuel_statue_altar, uniq_harold,
          uniq_maud
D:12:     uniq_azrael, uniq_nergalle
Temple:   circular_temple_12

Action                   |  1- 3 |  4- 6 |  7- 9 || total
-------------------------+-------+-------+-------++-------
Melee: Unarmed           |    57 |    49 |   204 ||   310
 Abil: Evoke Berserk Rag |     1 |     3 |    10 ||    14
       Evoke Teleportati |       |     1 |    24 ||    25
Evoke: Wand              |     1 |       |       ||     1
  Use: Potion            |     1 |       |     2 ||     3
       Scroll            |     4 |     3 |     3 ||    10
 Stab: Sleeping          |     9 |     4 |    17 ||    30
       Distracted        |       |       |     1 ||     1
  Eat: Chunk             |     6 |     5 |    27 ||    38
